 Dungeon Crawl Stone Soup version 0.31.0-9-g3a7656b989 (webtiles) character file.

Game seed: 7871073260253802297

27 qw the Shooter (level 2, -2/16 HPs)
             Began as a Deep Elf Hunter on Feb 2, 2024.
             Slain by Robin
             ... wielding a +0 short sword
              (4 damage)
             ... on level 2 of the Dungeon.
             The game lasted 00:00:02 (707 turns).

qw the Shooter (Deep Elf Hunter)                     Turns: 707, Time: 00:00:03

Health: -2/16      AC:  3    Str:  8    XL:     2   Next: 93%
Magic:  4/4        EV: 12    Int: 13    God:
Gold:   63         SH:  0    Dex: 18    Spells: 1/1 levels left

rFire   . . .        a - +0 shortbow
rCold   . . .        (shield currently unavailable)
rNeg    . . .        c - +0 leather armour
rPois   .            (no helmet)
rElec   .            (no cloak)
rCorr   .            (no gloves)
SInv    .            (no boots)
Will    .....        (no amulet)
Stlth   ++           (no ring)
HPRegen 0.22/turn    (no ring)
MPRegen 0.09/turn

%: no passive effects
@: no status effects
A: no striking features
a: no special abilities


You were on level 2 of the Dungeon.
You visited 1 branch of the dungeon, and saw 2 of its levels.

You collected 63 gold pieces.


   Skills:
 - Level 1.5 Fighting
 + Level 6.6 Ranged Weapons
 - Level 2.4 Dodging
 - Level 1.2 Stealth


You had one spell level left.
You didn't know any spells.
Your spell library was empty.

Inventory:

Hand Weapons
 a - a +0 shortbow (weapon)
Armour
 c - a +0 leather armour (worn)
Potions
 e - a potion of enlightenment
 i - a potion of ambrosia {unknown}
 j - a potion of haste {unknown}
 k - a potion of curing {unknown}

Dungeon Overview and Level Annotations

Branches:
Dungeon (2/15)

Altars:

Annotations:
D:2 Robin


Message History

The goblins go into a battle-frenzy!
The goblin barely misses you.
You shoot an arrow. The arrow hits the hobgoblin.
You kill the hobgoblin!
The goblin hits you with a +0 dagger.
You shoot an arrow. The arrow closely misses the goblin.
The arrow hits Robin but does no damage.
The goblin unwields a +0 sling.
The goblin wields a +0 whip.
The goblin closely misses you. The goblin hits you with a +0 dagger.
You shoot an arrow. The arrow closely misses the goblin.
The arrow hits Robin.
Robin is moderately wounded.
The goblin closely misses you. The goblin barely misses you.
The goblin closely misses you.
You shoot an arrow. The arrow hits the goblin!
You kill the goblin!
The goblin completely misses you.
Robin points. "Kill!"
You shoot an arrow. The arrow barely misses Robin.
The goblin hits you with a +0 dagger. Robin completely misses you.
You shoot an arrow. The arrow barely misses Robin.
The goblin hits you with a +0 dagger. Robin closely misses you.
You shoot an arrow.
The arrow hits Robin but does no damage.
Robin is moderately wounded.
The goblin barely misses you.
Robin says, "Feeling lonely?"
Robin hits you with a +0 short sword.
You shoot an arrow. The arrow hits Robin.
Robin is heavily wounded.
The goblin closely misses you. Robin completely misses you.
You shoot an arrow. The arrow hits Robin!
Robin is almost dead.
The goblin closely misses you. Robin misses you.
You shoot an arrow.
The arrow hits Robin but does no damage.
Robin is almost dead.
The goblin barely misses you. Robin misses you.
Robin hits you with a +0 short sword.
You die...
Robin calls out, "Let's celebrate!
Time for a feast!"

.........
..
#........
#.
.##.##.#.
#.. ## .##
# #.##### #
##.#.
#....# .
#..# ##.#.#
..
..###.##.#
... ######
#.#.###g#
.... .....#
#.## #@#
.....
####.# #.#
#g###.g....
...#.# #.#
#...g)g..%.
##.#.# #)#
#..####...#
#.#.# #.#
#..# #
##)#.# #.#
#..# .....#
#.# #..#
.#.### #.#
#... .#.#
#.# #...


You could see Robin and a goblin (strong).

Vanquished Creatures
  2 ball pythons (D:1)
  2 endoplasms (D:1)
  9 goblins
  2 hobgoblins (D:2)
  3 kobolds
  A bat (D:1)
  2 frilled lizards (D:2)
  2 rats (D:1)
23 creatures vanquished.

Notes
Turn   | Place    | Note
-------+----------+-------------------------------------------
     0 | D:1      | qw the Deep Elf Hunter began the quest for the Orb.
     0 | D:1      | Reached XP level 1. HP: 12/12 MP: 3/3
     0 | D:1      | 0 ||| qw: Version: 0.3-a-155-g5e7d8dd
     0 | D:1      | 0 ||| qw: Game counter: 2663
     0 | D:1      | 0 ||| qw: Melee chars always use a shield: true
     0 | D:1      | 0 ||| qw: God list: Okawaru
     0 | D:1      | 0 ||| qw: Allow faded altars: false
     0 | D:1      | 0 ||| qw: Do Orc after clearing Dungeon:15 true
     0 | D:1      | 0 ||| qw: Do second Lair branch before Depths: true
     0 | D:1      | 0 ||| qw: Lair rune preference: random
     0 | D:1      | 0 ||| qw: Goals: Normal
     0 | D:1      | 0 ||| PLANNING D:1-11
   157 | D:1      | Reached XP level 2. HP: 16/16 MP: 4/4
   168 | D:1      | Reached skill level 6 in Ranged Weapons
   560 | D:1      | 560 ||| READING scroll labelled VIUL EPLELOEJ.
   560 | D:1      | 560 ||| IDENTIFYING silvery potion
   561 | D:1      | 561 ||| READING scroll labelled HAXTEB LUHEF.
   562 | D:1      | 562 ||| READING scroll labelled LAM FATHUADY.
   563 | D:1      | 563 ||| READING scroll labelled DENIQU XEFATUI.
   568 | D:1      | 568 ||| DROPPING scroll of butterflies.
   683 | D:2      | Noticed Robin
   689 | D:2      | 689 ||| RETREEEEATING.
   690 | D:2      | 690 ||| RETREEEEATING.
   691 | D:2      | 691 ||| RETREEEEATING.
   699 | D:2      | HP: 4/16 [goblin/+0 dagger[Robin] (3)]
   704 | D:2      | HP: 2/16 [Robin/+0 short sword (1)]
   707 | D:2      | Slain by Robin

Levels and vault maps discovered:
D:1:      co_arrival_random_square_maze, layout_basic
D:2:      layout_loops_ring, serial_shops, shop_fountains, uniq_jessica,
          uniq_robin

Skill      XL: |  1  2 |
---------------+-------+-----
Ranged Weapons | 6 |  6.6
Fighting       | |  1.5
Dodging        | |  2.4
Stealth        | |  1.2

Action                     || total
---------------------------++-------
   Fire: Shortbow          ||    57
    Use: Scroll            ||     4
 Armour: Leather armour    ||    18
  Dodge: Dodged            ||    24

Table legend:
 A = Non-vault XP
 B = Vault XP
 C = Vault XP percentage of total XP
 D = Non-vault monster count
 E = Vault monster count
 F = Vault count percentage of total count
                 A         B        C        D         E       F
            +---------+---------+-------+---------+---------+-------
      Total |      21 |      18 |  46.2 |      13 |      10 |  43.5
            +---------+---------+-------+---------+---------+-------
        D:1 |      17 |       0 |   0.0 |      10 |       0 |   0.0
        D:2 |       4 |      18 |  81.8 |       3 |      10 |  76.9
            +---------+---------+-------+---------+---------+-------
